 Dungeon Crawl Stone Soup version 0.28.0-53-g5a82cb258f (webtiles) character file.

Game seed: 10638512027076917652

71 Godmorgon the Skirmisher (level 4, 0/40 HPs)
             Began as a Minotaur Fighter on Aug 12, 2022.
             Slain by an orc wizard
             ... wielding a +2 dagger of speed
              (1 damage)
             ... on level 3 of the Dungeon.
             The game lasted 00:03:45 (1129 turns).

Godmorgon the Skirmisher (Minotaur Fighter)         Turns: 1129, Time: 00:03:46

Health: 0/40       AC:  9    Str: 23    XL:     4   Next: 5%
Magic:  3/3        EV:  7    Int:  5    God:
Gold:   108        SH:  0    Dex:  9    Spells: 3/3 levels left

rFire   + . .      SeeInvis .   a - +0 flail
rCold   . . .      Faith    .   c - +0 buckler
rNeg    . . .      Spirit   .   n - +0 chain mail
rPois   .          Reflect  .   (helmet restricted)
rElec   .          Harm     .   (no cloak)
rCorr   .          Rampage  .   (no gloves)
Will    .....                   (no boots)
Stlth   ..........              o - amulet of magic regeneration
HPRegen 0.13/turn               b - ring of protection from fire
MPRegen 0.48/turn               (no ring)

@: confused
A: horns 2, retaliatory headbutt
a: no special abilities


You were on level 3 of the Dungeon.
You visited 1 branch of the dungeon, and saw 3 of its levels.

You collected 108 gold pieces.

Inventory:

Hand Weapons
 a - a +0 flail (weapon)
Missiles
 e - 17 stones (quivered)
Armour
 c - a +0 buckler (worn)
 n - a +0 chain mail (worn)
Jewellery
 b - a ring of protection from fire (left hand)
 o - an amulet of magic regeneration (around neck)
Scrolls
 f - a scroll of vulnerability {unknown}
 g - 2 scrolls of teleportation {unknown}
 h - a scroll of identify {unknown}
 l - a scroll of brand weapon {unknown}
 m - a scroll of magic mapping {unknown}
Potions
 d - a potion of might
 i - a potion of attraction {unknown}
 j - a potion of mutation {unknown}
 k - a potion of berserk rage {unknown}


   Skills:
 + Level 4.1 Fighting
 * Level 3.6 Maces & Flails
 + Level 1.1 Throwing
 + Level 4.1 Armour
 + Level 4.1 Shields


You had 3 spell levels left.
You didn't know any spells.
Your spell library was empty.

Dungeon Overview and Level Annotations

Branches:
Dungeon (3/15)

Altars:
Ashenzari


Innate Abilities, Weirdness & Mutations

You have a pair of horns on your head.
You reflexively headbutt those who attack you in melee.


Message History

The orc wizard hits you but does no damage.
The orc wizard gestures wildly while chanting.
The orc wizard flickers and vanishes!
Deactivating autopickup; reactivate with Ctrl-A.
The adder barely misses you. You furiously retaliate!
You headbutt the adder, but do no damage.
You miss the adder. The adder barely misses you.
You completely miss the adder. You block the adder's attack.
The adder bites you but does no damage.
You hit the adder. Your headbutt misses the adder.
The adder is moderately wounded.
The adder barely misses you. You furiously retaliate!
You headbutt the adder!
You hear some strange, mumbled words.
Something tries to affect you, but you resist.
The adder bites you.
You hit the adder.
You kill the adder!
You have reached level 4!
You feel stronger.
You thump the dart slug!
You kill the dart slug!
You hear some strange, mumbled words.
A puff of flame appears from out of thin air!
The puff of flame hits you. You resist.
* * * LOW HITPOINT WARNING * * *
You closely miss something. Something hits you but does no damage.
Something hits you.
* * * LOW HITPOINT WARNING * * *
You barely miss something.
You hear some strange, mumbled words.
You are confused.
Okay, then.
You closely miss something.
You hear some strange, mumbled words.
A puff of flame appears from out of thin air!
The puff of flame hits you. You resist.
* * * LOW HITPOINT WARNING * * *
Something hits you but does no damage.
You closely miss something. Something hits you.
You die...

#......### #.....
#.#..#...# #..... ###
#.#.####†###..... ....
##.(..###..##.####
.....#.................
...........######..##.#
.....##.##..... ##....#
######..# .###. ###..#
###{@## .# ..# #..†##
.# ## #.....)).#
#..!.....# #........# .
##.#.##<... . #.#.
..##o # #. .## w ## .#


There were no monsters in sight!

Vanquished Creatures
  2 adders
  2 dart slugs (D:3)
  4 orcs (D:3)
  3 endoplasms (D:2)
  3 giant cockroaches (D:2)
  2 goblins (D:1)
  4 hobgoblins
  2 quokkas (D:1)
  6 ball pythons
  5 bats
  2 frilled lizards
  5 kobolds
  2 rats
42 creatures vanquished.

Notes
Turn   | Place    | Note
-------+----------+-------------------------------------------
     0 | D:1      | Godmorgon the Minotaur Fighter began the quest for the Orb.
     0 | D:1      | Reached XP level 1. HP: 19/19 MP: 0/0
   178 | D:1      | Reached XP level 2. HP: 27/27 MP: 1/1
   600 | D:2      | Found a faded altar of an unknown god.
   692 | D:2      | Reached XP level 3. HP: 28/33 MP: 2/2
   798 | D:2      | Reached skill level 1 in Throwing
   820 | D:2      | Found a broken altar of Ashenzari.
  1125 | D:3      | Reached XP level 4. HP: 12/40 MP: 3/3
  1128 | D:3      | HP: 1/40 [something/puff of flame (6)]
  1129 | D:3      | Slain by an orc wizard

Illustrated notes

Levels and vault maps discovered:
D:1:      dpeg_arrival_rhombus, layout_rooms
D:2:      layout_rooms, basic_altar, hellmonk_ecumenical_altar_blasted
D:3:      layout_rooms, dk_yredelemnul_ordeal, lightli_sewer_entry_pipes,
          minmay_crystal_room

Skill      XL: |  1  2  3 |
---------------+----------+-----
Maces & Flails | 3 |  3.6
Fighting       | 4 |  4.1
Throwing       | 1 |  1.1
Armour         | 4 |  4.1
Shields        | 4 |  4.1

Action                   |  1- 3 |  4- 6 || total
-------------------------+-------+-------++-------
Melee: Flail             |    92 |     5 ||    97
       Headbutt          |    15 |       ||    15
  Use: Scroll            |     1 |       ||     1
Armor: Scale mail        |    31 |       ||    31
       Chain mail        |    17 |     2 ||    19
Dodge: Dodged            |    52 |       ||    52
Block: Buckler           |    27 |       ||    27
